 Dungeon Sprint DCSS version 0.17-a0-1311-gbcbd859 (webtiles) character file.

12 nuthulu the Skirmisher (level 4, 0/48 HPs)
             Began as a Gargoyle Fighter on June 8, 2015.
             Was an Initiate of Okawaru.
             Slain by a queen ant (7 damage)
             ... in the Dungeon (Sprint VI: "Thunderdome").
             The game lasted 00:01:25 (261 turns).

nuthulu the Skirmisher (Gargoyle Fighter)            Turns: 261, Time: 00:01:25

Health: 0/48       AC: 11    Str: 26    XL:     4   Next: 73%
Magic:  4/4        EV:  8    Int:  8    God:    Okawaru [......]
Gold:   220        SH: 10    Dex:  9    Spells: 0 memorised, 3 levels left

rFire  . . .     SeeInvis .     a - +0 flail
rCold  . . .     Clarity  .     b - +0 scale mail
rNeg   + . .     SustAt   .     c - +0 shield
rPois  ∞         Gourm    .     (no helmet)
rElec  +         Spirit   .     (no cloak)
rCorr  .         Warding  .     (no gloves)
rMut   .         NoTele   +     (no boots)
MR     .....                    (no amulet)
Stlth  ..........               (no ring)
                                (no ring)

@: berserking (expiring), very quick, not resistant to hostile enchantments,
extremely unstealthy
A: negative energy resistance 1, electricity resistance, unbreathing,
petrification resistance, rot immunity, AC +3
a: Renounce Religion


You were in the Dungeon.
You worshipped Okawaru.
Okawaru was noncommittal.
You were not hungry.

You visited 1 branch You collected 220 gold pieces.

Inventory:

Hand weapons
 a - a +0 flail (weapon)
Armour
 b - a +0 scale mail (worn)
 c - a +0 shield (worn)
Magical devices
 m - a wand of cold (5)
 n - a wand of fire (5)
Scrolls
 k - 4 scrolls of blinking
 o - 3 scrolls of fog
Potions
 d - a potion of might
 f - a potion of curing
 g - 3 potions of heal wounds
 h - 4 potions of haste
 i - 2 potions of magic
 l - a potion of resistance
Comestibles
 e - a bread ration
 p - 3 chunks of flesh


   Skills:
 * Level 6.2 Fighting
 * Level 3.8 Maces & Flails
 * Level 6.1 Armour
 + Level 0.7 Dodging
 * Level 5.9 Shields


You had 3 spell levels left.
You didn't know any spells.

Dungeon Overview and Level Annotations

Branches:
Dungeon (1/1)

Altars:
Cheibriados
Dithmenos
Fedhas
Gozag
Kikubaaqudgha
Makhleb
Okawaru
Qazlal
Ru
Sif Muna
Trog
Vehumet
Xom
Yredelemnul
Zin
The Shining One
Jiyva
Lugonu

Shops:
D *[%??*?*:[((!!!!


Innate Abilities, Weirdness & Mutations

You are resistant to torment.
Your stone body is resilient (AC +3).
You are immune to poison.
You resist negative energy.
You are resistant to electric shocks.
You can survive without breathing.
You are immune to petrification.
You are immune to rotting.


Message History

The queen ant is moderately wounded.
The queen ant stings you!
* * * LOW HITPOINT WARNING * * *
The worker ant completely misses you.
You completely miss the queen ant.
The queen ant is moderately wounded.
You block the queen ant's attack. You block the worker ant's attack.
You barely miss the queen ant.
The queen ant is moderately wounded.
The worker ant bites you but does no damage.
You block the queen ant's attack.
You hit the queen ant but do no damage.
The queen ant is moderately wounded.
You block the worker ant's attack. You block the queen ant's attack.
You barely miss the queen ant.
The queen ant is moderately wounded.
You block the worker ant's attack.
Unknown command.
You closely miss the worker ant. The queen ant stings you!
You die...

##### ##⌠⌠⌠## #.....# ##.....##
##∩.....∩## #∩.......∩#
#_....@...# #_...aa.._#
#_......._# ###.........###
#⌠...........⌠#
######.8.........8.######
##∩___......###......._)∩##
##∩........8.# #.8...).)).∩###
.............###.............##


You could see a queen ant and a worker ant.

Vanquished Creatures
  4 worker ants (D)
  2 goblins (D)
  2 hobgoblins (D)
  A kobold (D)
9 creatures vanquished.

Notes
Turn   | Place    | Note
--------------------------------------------------------------
     0 | D        | nuthulu the Gargoyle Fighter began the quest for the Orb.
     0 | D        | Reached XP level 1. HP: 14/14 MP: 1/1
     1 | D        | Found a glowing golden altar of the Shining One.
     2 | D        | Found an iron altar of Okawaru.
     2 | D        | Found a sacrificial altar of Ru.
     3 | D        | Found an ancient bone altar of Kikubaaqudgha.
     4 | D        | Found a stormy altar of Qazlal.
     4 | D        | Found an opulent altar of Gozag.
     4 | D        | Found Qejam's Staff Store.
     4 | D        | Found Unulist's Magic Scroll Shop.
     5 | D        | Found Resch's Must-Have Magic.
     5 | D        | Found Jumut's Magic Scroll Shop.
     5 | D        | Round 1.
     7 | D        | Found a deep blue altar of Sif Muna.
     8 | D        | Found a viscous altar of Jiyva.
     9 | D        | Found a burning altar of Makhleb.
    10 | D        | Found Uzacly's Bee Food.
    10 | D        | Found a snail-covered altar of Cheibriados.
    10 | D        | Found a shadowy altar of Dithmenos.
    10 | D        | Found Kuatreg's Identification Station.
    11 | D        | Found Miubunuu's Jewellery.
    11 | D        | Found Vivaky's Advanced Armour.
    14 | D        | Found a glowing silver altar of Zin.
    15 | D        | Found a bloodstained altar of Trog.
    17 | D        | Found Silyfet's Premium Goods.
    18 | D        | Found a corrupted altar of Lugonu.
    18 | D        | Found a shimmering altar of Xom.
    18 | D        | Found Erchathru's Weapon Rack.
    18 | D        | Found Orowipas's Miscellaneous Merchandise.
    18 | D        | Found Pekivueck's Basic Armour.
    22 | D        | Found a blossoming altar of Fedhas.
    25 | D        | Found a radiant altar of Vehumet.
    26 | D        | Found a basalt altar of Yredelemnul.
    26 | D        | Found Fualig's Do-It-Yourself Clinic.
    27 | D        | Found Vaffour's Bottled Wisdom.
    27 | D        | Found Haitziop's Distillery.
    28 | D        | Found Dicogeon's Distillery.
    37 | D        | Became a worshipper of Warmaster Okawaru
    67 | D        | Arena points: 12 (+12) [x2]
    67 | D        | Reached skill level 4 in Fighting
    67 | D        | Reached XP level 2. HP: 12/20 MP: 2/2
   139 | D        | Round 2.
   150 | D        | Reached skill level 5 in Fighting
   150 | D        | Reached XP level 3. HP: 21/26 MP: 3/3
   205 | D        | Reached skill level 5 in Armour
   205 | D        | Reached skill level 5 in Shields
   240 | D        | Noticed a queen ant
   242 | D        | Reached XP level 4. HP: 30/32 MP: 4/4
   248 | D        | HP: 1/32 [worker ant (2)]
   252 | D        | Reached skill level 6 in Fighting
   261 | D        | Slain by a queen ant

Vault maps used:
D:        arena_sprint

Action                   |  1- 3 |  4- 6 || total
-------------------------+-------+-------++-------
Melee: Flail             |    30 |    15 ||    45
  Use: Potion            |       |     2 ||     2
